 Dungeon Crawl Stone Soup version 0.29.0-4-gdea44cf6ec (webtiles) character file.

Game seed: 12017233025525496145

33 qw the Chopper (level 3, -2/21 HPs)
             Began as a Tengu Warper on Aug 29, 2022.
             Killed by nerve-wracking pain
             ... invoked by Jessica
              (5 damage)
             ... on level 2 of the Dungeon.
             The game lasted 00:00:07 (924 turns).

qw the Chopper (Tengu Warper)                        Turns: 924, Time: 00:00:08

Health: -2/21      AC:  5    Str: 13    XL:     3   Next: 29%
Magic:  7/7        EV: 10    Int: 13    God:
Gold:   9          SH:  3    Dex: 13    Spells: 6/6 levels left

rFire   . . .      SeeInvis .   a - +0 hand axe
rCold   . . .      Faith    .   k - +0 buckler
rNeg    . . .      Spirit   .   g - +0 ring mail
rPois   .          Reflect  .   (helmet restricted)
rElec   .          Harm     .   (no cloak)
rCorr   .          Rampage  .   (no gloves)
Will    .....                   (boots unavailable)
Stlth   +.........              (no amulet)
HPRegen 0.07/turn               (no ring)
MPRegen 0.10/turn               (no ring)

@: very slow
A: beak, talons 3
a: no special abilities


You were on level 2 of the Dungeon.
You visited 1 branch of the dungeon, and saw 2 of its levels.

You collected 9 gold pieces.


Innate Abilities, Weirdness & Mutations

You have a beak for a mouth.
You have claws for feet.


   Skills:
 - Level 2.0 Fighting
 - Level 4.0 Axes
 - Level 1.0 Throwing
 - Level 1.1 Armour
 - Level 2.1 Dodging
 + Level 0.2 Shields
 - Level 2.0 Spellcasting
 - Level 2.4 Translocations


You had 6 spell levels left.
You didn't know any spells.
Your spell library contained the following spells:

 Spells                   Type           Power      Damage    Failure   Level
 Blink                    Tloc           14%        N/A       38%         2
 Gell's Gravitas          Tloc           7%         N/A       63%         3
 Lesser Beckoning         Tloc           7%         N/A       63%         3
 Teleport Other           Tloc           7%         N/A       63%         3
 Manifold Assault         Tloc           7%         N/A       100%        5

Inventory:

Hand Weapons
 a - a +0 hand axe (weapon)
 j - a +0 mace
Armour
 g - a +0 ring mail (worn)
 k - a +0 buckler (worn)
Potions
 d - a potion of haste {unknown}
 f - a potion of experience {unknown}
 h - a potion of cancellation {unknown}
 i - a potion of heal wounds {unknown}
 l - a potion of invisibility {unknown}

Dungeon Overview and Level Annotations

Branches:
Dungeon (2/15)

Altars:

Shops:
D:1 :

Annotations:
D:2 Jessica


Message History

Moving in this stuff is going to be slow.
Jessica the Apprentice Sorceress comes into view.
She is wielding a +0 dagger and carrying a wand of flame (19).
Jessica shouts!
You hear a bark!
The frilled lizard closely misses you.
Jessica mumbles some strange words.
Jessica blinks!
The frilled lizard closely misses you.
Jessica casts a spell.
Jessica blinks!
912 ||| Stepping ~*~*~tactically~*~*~ (water).
You miss the frilled lizard. You claw the frilled lizard.
You kill the frilled lizard!
You enter the shallow water.
Moving in this stuff is going to be slow.
You see here a frilled lizard corpse.
You hit Jessica. Your kick misses Jessica.
Jessica is moderately wounded.
Jessica barely misses you.
Your unstable footing causes you to fumble your attack.
Jessica points at you and mumbles some strange words.
You resist with some effort.
You closely miss Jessica. You claw Jessica!
Jessica is almost dead.
Jessica casts a spell at you. You resist with some effort.
Jessica zaps a wand.
The puff of flame hits you!
Your unstable footing causes you to fumble your attack.
You are engulfed in a cloud of scalding steam.
Jessica mumbles some strange words.
Jessica blinks!
Jessica casts a spell at you. Pain shoots through your body!
Jessica casts a spell.
Jessica seems to speed up.
Your unstable footing causes you to fumble your attack.
Jessica closely misses you. x2
Your unstable footing causes you to fumble your attack.
Jessica mumbles some strange words.
Jessica blinks!
Jessica casts a spell at you. Pain shoots through your body!
You die...

#...#..~~~~~~~~~.
#...#.~~~~~~~~~~~.#
#.####...#..~~~~..~~~..#
#........#.~@~~~_.~~~..#
#####...#~~~~~...~~~~.#
#.......#.~~~~~~~~~~...
#.###.#..~~~~~~~~~~~~.#
#.#<#.###(.~%~~~~~~~~.#
#.#.#.# #~~...~@ยค~..~.#
#.#.#.# #.~~~.....~~.~#
#...#.# ##...###.######
#####.# #...# .# #.#
#...# .# #...# .. #...#
#. ##### .#


You could see Jessica (fast).

Vanquished Creatures
  3 ball pythons
  7 bats (D:1)
  3 endoplasms (D:1)
  A giant cockroach (D:1)
  A hobgoblin (D:1)
  5 jackals (D:1)
  2 quokkas (D:1)
  A frilled lizard (D:2)
  4 kobolds (D:1)
  2 rats (D:1)
29 creatures vanquished.

Vanquished Creatures (others)
  5 plants (D:1)
5 creatures vanquished.

Grand Total: 34 creatures vanquished

Notes
Turn   | Place    | Note
-------+----------+-------------------------------------------
     0 | D:1      | qw the Tengu Warper began the quest for the Orb.
     0 | D:1      | Reached XP level 1. HP: 12/12 MP: 4/4
     0 | D:1      | 0 ||| qw: Version: 0.1-a-89-g26bdef1
     0 | D:1      | 0 ||| qw: Game counter: 3556
     0 | D:1      | 0 ||| qw: Always use a shield: true
     0 | D:1      | 0 ||| qw: God list: Okawaru
     0 | D:1      | 0 ||| qw: Allow faded altars: false
     0 | D:1      | 0 ||| qw: Do Orc after D:15 true
     0 | D:1      | 0 ||| qw: Do second Lair branch before Depths: true
     0 | D:1      | 0 ||| qw: Lair rune preference: random
     0 | D:1      | 0 ||| qw: Plans: Normal
     0 | D:1      | 0 ||| PLANNING D:1-11
   145 | D:1      | 145 ||| Stepping ~*~*~tactically~*~*~ (stealth).
   147 | D:1      | 147 ||| Stepping ~*~*~tactically~*~*~ (stealth).
   155 | D:1      | Reached skill level 3 in Axes
   155 | D:1      | Reached XP level 2. HP: 14/17 MP: 6/6
   258 | D:1      | 258 ||| Stepping ~*~*~tactically~*~*~ (stealth).
   264 | D:1      | 264 ||| Stepping ~*~*~tactically~*~*~ (stealth).
   266 | D:1      | 266 ||| Stepping ~*~*~tactically~*~*~ (stealth).
   399 | D:1      | 399 ||| DROPPING +0 club.
   495 | D:1      | 495 ||| Stepping ~*~*~tactically~*~*~ (stealth).
   519 | D:1      | 519 ||| Stepping ~*~*~tactically~*~*~ (stealth).
   521 | D:1      | 521 ||| Stepping ~*~*~tactically~*~*~ (stealth).
   527 | D:1      | 527 ||| Stepping ~*~*~tactically~*~*~ (stealth).
   528 | D:1      | 528 ||| Stepping ~*~*~tactically~*~*~ (stealth).
   529 | D:1      | 529 ||| Stepping ~*~*~tactically~*~*~ (stealth).
   535 | D:1      | 535 ||| Stepping ~*~*~tactically~*~*~ (stealth).
   536 | D:1      | 536 ||| Stepping ~*~*~tactically~*~*~ (stealth).
   537 | D:1      | 537 ||| Stepping ~*~*~tactically~*~*~ (stealth).
   545 | D:1      | Reached XP level 3. HP: 21/21 MP: 7/7
   593 | D:1      | 593 ||| Stepping ~*~*~tactically~*~*~ (stealth).
   605 | D:1      | 605 ||| Stepping ~*~*~tactically~*~*~ (stealth).
   606 | D:1      | 606 ||| Stepping ~*~*~tactically~*~*~ (stealth).
   610 | D:1      | 610 ||| Stepping ~*~*~tactically~*~*~ (stealth).
   670 | D:1      | Found Reyduer's Book Emporium.
   786 | D:1      | Reached skill level 4 in Axes
   855 | D:1      | 855 ||| UPGRADING to +0 ring mail.
   865 | D:1      | 865 ||| DROPPING +0 leather armour.
   866 | D:1      | 866 ||| UPGRADING to +0 buckler.
   871 | D:1      | 871 ||| DROPPING amulet of faith.
   872 | D:1      | 872 ||| DROPPING scroll of blinking.
   907 | D:2      | Found a faded altar of an unknown god.
   910 | D:2      | Noticed Jessica
   912 | D:2      | 912 ||| Stepping ~*~*~tactically~*~*~ (water).
   921 | D:2      | HP: 3/21 [Jessica/nerve-wracking pain (5)]
   924 | D:2      | Killed from afar by Jessica

Levels and vault maps discovered:
D:1:      dpeg_arrival_line_fractal, layout_rooms, serial_shops,
          nicolae_lakefront_shop, serial_forest, infiniplex_forest_straight_3,
          infiniplex_forest_clump_long, infiniplex_forest_clump_double,
          infiniplex_forest_lined_ring, infiniplex_forest_straight_5,
          infiniplex_forest_end_2, infiniplex_forest_lined_corner,
          infiniplex_forest_clump_tiny
D:2:      layout_basic, chequers_ecumenical_altar_island, uniq_jessica

Skill      XL: |  1  2  3 |
---------------+----------+-----
Axes           | 3 4 |  4.0
Fighting       | |  2.0
Throwing       | |  1.0
Armour         | |  1.1
Dodging        | |  2.1
Shields        | |  0.2
Spellcasting   | |  2.0
Translocations | |  2.4

Action                   || total
-------------------------++-------
Melee: Hand axe          ||    59
       Kick              ||    14
       Peck              ||     4
Throw: Boomerang         ||     7
Armor: Leather armour    ||    15
Dodge: Dodged            ||    35

Table legend:
 A = Non-vault XP
 B = Vault XP
 C = Vault XP percentage of total XP
 D = Non-vault monster count
 E = Vault monster count
 F = Vault count percentage of total count
                 A         B        C        D         E       F
            +---------+---------+-------+---------+---------+-------
      Total |      48 |       0 |   0.0 |      29 |       0 |   0.0
            +---------+---------+-------+---------+---------+-------
        D:1 |      45 |       0 |   0.0 |      27 |       0 |   0.0
        D:2 |       3 |       0 |   0.0 |       2 |       0 |   0.0
            +---------+---------+-------+---------+---------+-------
